 Dungeon Crawl Stone Soup version 0.25-b1-46-gb8a1ec05df (webtiles) character file.

Game seed: 3805992377080626448

9280 nikku the Fighter (level 11, -4/93 HPs)
             Began as a Demonspawn Berserker on June 9, 2020.
             Was an Elder of Trog.
             Slain by a fire elemental (7 damage)
             ... led by Azrael
             ... on level 11 of the Dungeon.
             The game lasted 00:33:51 (11501 turns).

nikku the Fighter (Demonspawn Berserker)           Turns: 11501, Time: 00:33:51

Health: -4/93      AC: 18    Str: 20    XL:     11   Next: 21%
Magic:  11/11      EV:  8    Int:  8    God:    Trog [****..]
Gold:   679        SH:  0    Dex: 16    Spells: 10/10 levels left

rFire    . . .     SeeInvis .   n - +3 scythe (flame)
rCold    . . .     Gourm    .   (shield currently unavailable)
rNeg     . . .     Faith    .   G - +4 chain mail
rPois    .         Spirit   .   (no helmet)
rElec    .         Reflect  .   (no cloak)
rCorr    .         Harm     .   (no gloves)
MR       ++...                  (no boots)
Stlth    ..........             l - amulet of the acrobat
HPRegen  1.25/turn              f - +4 ring of protection
MPRegen  0.12/turn              D - +4 ring of slaying

@: regenerating (expiring)
A: hooves 2, thin skeletal structure 1, demonic guardian 2
a: Berserk, Trog's Hand, Brothers in Arms, Renounce Religion


You were on level 11 of the Dungeon.
You worshipped Trog.
Trog was greatly pleased with you.
You were not hungry.

You visited 1 branch of the dungeon, and saw 12 of its levels.

You collected 679 gold pieces.

Inventory:

Hand Weapons
 a - a +0 war axe
 n - a +3 scythe of flaming (weapon)
 s - a +2 battleaxe of electrocution
 v - a +0 battleaxe
Missiles
 A - 3 poisoned darts (quivered)
Armour
 u - a +0 plate armour
 G - a +4 chain mail (worn)
Jewellery
 b - a +4 ring of protection
 f - a +4 ring of protection (left hand)
 g - an uncursed ring of poison resistance
 l - an amulet of the acrobat (around neck)
 t - an uncursed amulet of reflection
 D - a +4 ring of slaying (right hand)
Wands
 i - a wand of flame (13)
 k - a wand of iceblast (1)
 r - a wand of polymorph (5)
 w - a wand of clouds (3)
 z - a wand of acid (13)
 E - a wand of disintegration (12)
Scrolls
 h - 5 scrolls of enchant armour
 j - 4 scrolls of remove curse
 y - a scroll of teleportation
 B - 2 scrolls of identify
 C - 2 scrolls of magic mapping
Potions
 d - 2 potions of mutation
 e - 2 potions of curing
 p - 2 potions of resistance
 q - a potion of invisibility
Comestibles
 c - 15 rations


   Skills:
 * Level 11.4 Fighting
 + Level 8.1(9.2) Axes
 + Level 6.6(8.5) Polearms
 + Level 7.4 Armour
 - Level 1.7 Dodging


You had 10 spell levels left.
You didn't know any spells.
Your spell library was empty.

Dungeon Overview and Level Annotations

Branches:
Dungeon (12/15)            Temple (0/1) D:4            Lair (0/6) D:8
    Orc (0/2) D:10

Altars:
Ashenzari
Cheibriados
Dithmenos
Elyvilon
Fedhas
Hepliaklqana
Makhleb
Nemelex Xobeh
Qazlal
Ru
Uskayaw
Vehumet
Zin
The Shining One

Shops:
D:6 *   D:8 *   D:11 }

Annotations:
D:10 1 runed translucent door, Statics's ghost, novice OpTm
D:12 Azrael


Innate Abilities, Weirdness & Mutations

You have hoof-like feet.
You have a somewhat thin skeletal structure. (Dex +2, Stealth)
A demonic guardian rushes to your aid.


Message History

You feel the effects of Trog's Hand fading.
There is a stone staircase leading down here.
You are too injured to fight recklessly!
You feel much better. The fire elemental hits you.
The fire elemental burns you!
* * * LOW HITPOINT WARNING * * *
You hit the fire elemental but do no damage.
The fire elemental hits you. The fire elemental burns you!
* * * LOW HITPOINT WARNING * * *
The fire elemental hits you.
* * * LOW HITPOINT WARNING * * *
The fire elemental burns you!
* * * LOW HITPOINT WARNING * * *
You hit the fire elemental. You kick the fire elemental.
The fire elemental is lightly damaged.
The fire elemental barely misses you. The fire elemental hits you.
The fire elemental burns you!
* * * LOW HITPOINT WARNING * * *
The fire elemental hits you. The fire elemental burns you!
You die...

#...#.........###....
##.###.......#.......
#####..##..........#.#.#.
#.............[..........
#..................#.#.#.
#........................
#..................#.#.#.
#......E.#.......#.......
#.......@##.....#####....
################# #####


You could see a fire elemental.

Vanquished Creatures
  An ugly thing (D:12)
  A gargoyle (D:11)
  A komodo dragon (D:9)
  A troll (D:10)
  A hornet (D:10)
  2 hippogriffs
  Sigmund (D:3)
  A wyvern (D:10)
  A yak (D:10)
  A fire elemental (D:12)
  2 hungry ghosts (D:10)
  Edmund (D:5)
  2 water moccasins
  A sky beast (D:9)
  A black bear (D:9)
  2 phantoms
  4 ogres
  3 ice beasts
  2 orc warriors (D:10)
  A crocodile (D:11)
  6 centaurs
  5 bullfrogs
  A scorpion (D:5)
  A water moccasin skeleton (D:5)
  3 wights (D:8)
  3 howler monkeys
  3 crimson imps
  3 jellies
  10 hounds
  2 orc priests
  3 iguanas
  10 orc wizards
  12 worker ants
  4 gnolls
  A howler monkey skeleton (D:5)
  11 adders
  6 shadow imps
  2 adder skeletons
  2 worms (D:3)
  A leopard gecko (D:1)
  19 orcs
  6 bats
  4 giant cockroaches
  6 goblins
  6 hobgoblins
  2 jackals (D:8)
  5 kobolds
  4 quokkas
  A ball python (D:3)
  2 frilled lizards
  A quokka skeleton (D:6)
  A quokka zombie (D:6)
  5 rats (D:2)
181 creatures vanquished.

Vanquished Creatures (collateral kills)
  2 two-headed ogres
  An ugly thing (D:11)
  A manticore (D:11)
  A cyclops (D:11)
  A black mamba (shapeshifter) (D:12)
  A hippogriff (D:9)
  A spriggan (D:8)
  3 yaks (D:10)
  An orc warrior (D:10)
  A black bear (D:11)
  2 phantoms
  3 ogres
  A bullfrog (D:9)
  2 howler monkeys
  2 hounds (D:9)
  A bullfrog skeleton (D:12)
  A worker ant (D:9)
  A gnoll (D:2)
  An adder (D:11)
  An orc (D:10)
28 creatures vanquished.

Vanquished Creatures (others)
  An orc (D:12)
1 creature vanquished.

Grand Total: 210 creatures vanquished

Notes
Turn   | Place    | Note
-------+----------+-------------------------------------------
     0 | D:1      | nikku the Demonspawn Berserker began the quest for the Orb.
     0 | D:1      | Reached XP level 1. HP: 18/18 MP: 1/1
   302 | D:1      | Gained mutation: A weak demonic guardian rushes to your
                  | aid. [demonic ancestry]
   302 | D:1      | Reached XP level 2. HP: 24/24 MP: 2/2
  1294 | D:2      | Reached XP level 3. HP: 29/29 MP: 3/3
  1451 | D:2      | Found a burning altar of Makhleb.
  1633 | D:2      | Reached ** piety under Trog
  1783 | D:2      | Gained mutation: You have large cloven feet. [demonic
                  | ancestry]
  1783 | D:2      | Reached XP level 4. HP: 37/37 MP: 4/4
  2054 | D:3      | Reached skill level 4 in Fighting
  2163 | D:3      | Found a snail-covered altar of Cheibriados.
  2451 | D:3      | Found a sacrificial altar of Ru.
  2653 | D:3      | Found a glowing golden altar of the Shining One.
  2838 | D:3      | Noticed Sigmund
  2859 | D:3      | Killed Sigmund
  2859 | D:3      | Reached XP level 5. HP: 43/43 MP: 5/5
  2859 | D:3      | Gained mutation: A demonic guardian rushes to your aid.
                  | [demonic ancestry]
  2859 | D:3      | Reached XP level 6. HP: 50/50 MP: 6/6
  3020 | D:4      | Reached skill level 5 in Fighting
  3095 | D:4      | Found a stormy altar of Qazlal.
  3131 | D:4      | Found a glowing golden altar of the Shining One.
  3361 | D:4      | Found a staircase to the Ecumenical Temple.
  3371 | D:4      | Reached skill level 1 in Polearms
  3652 | D:4      | Gained mutation: You have a somewhat thin skeletal
                  | structure. (Dex +2, Stealth) [demonic ancestry]
  3652 | D:4      | Reached XP level 7. HP: 56/56 MP: 7/7
  3910 | D:5      | Entered Level 5 of the Dungeon
  4008 | D:5      | Reached skill level 6 in Fighting
  4150 | D:5      | Reached skill level 5 in Axes
  4634 | D:5      | Found a white marble altar of Elyvilon.
  4648 | D:5      | Reached XP level 8. HP: 64/65 MP: 8/8
  4733 | D:5      | Noticed Edmund
  4737 | D:5      | Killed Edmund
  4767 | D:5      | Reached skill level 7 in Fighting
  4871 | D:5      | Reached *** piety under Trog
  5543 | D:6      | Noticed a hippogriff
  5547 | D:6      | Killed a hippogriff
  6020 | D:6      | Found Pofen's Serpentskin Sales.
  6444 | D:6      | Reached skill level 5 in Armour
  6568 | D:7      | Reached skill level 8 in Fighting
  6627 | D:7      | Reached XP level 9. HP: 72/74 MP: 9/9
  7012 | D:7      | Found a shattered altar of Ashenzari.
  7214 | D:8      | Found Jaxkoaku's General Store.
  7216 | D:8      | Found a blossoming altar of Fedhas.
  7425 | D:8      | Found a staircase to the Lair.
  7588 | D:8      | Noticed a +0 dagger
  7589 | D:8      | Found a hide-covered altar of Uskayaw.
  7589 | D:8      | Noticed a +0 dagger
  7770 | D:8      | Found a glowing silver altar of Zin.
  7772 | D:8      | Found a hazy altar of Hepliaklqana.
  7811 | D:8      | Found a sparkling altar of Nemelex Xobeh.
  7962 | D:9      | Noticed a komodo dragon
  7964 | D:9      | Reached skill level 9 in Fighting
  7970 | D:9      | Killed a komodo dragon
  8257 | D:9      | Found a shadowy altar of Dithmenos.
  8288 | D:9      | Reached skill level 5 in Polearms
  8462 | D:9      | Found a radiant altar of Vehumet.
  8678 | D:10     | Entered Level 10 of the Dungeon
  8703 | D:10     | Found a runed translucent door.
  8703 | D:10     | Noticed Statics's ghost (novice OpTm)
  8759 | D:10     | Reached XP level 10. HP: 84/84 MP: 10/10
  8835 | D:10     | Reached **** piety under Trog
  8966 | D:10     | Reached skill level 10 in Fighting
  8995 | D:10     | Found a staircase to the Orcish Mines.
  9973 | D:11     | Noticed a manticore
 10203 | D:11     | Killed a manticore
 10328 | D:11     | Noticed a cyclops
 10337 | D:11     | Killed a cyclops
 10408 | D:11     | Noticed a white ugly thing
 10414 | D:11     | Killed a white ugly thing
 10414 | D:11     | Reached skill level 11 in Fighting
 10724 | D:11     | Noticed a two-headed ogre
 10725 | D:11     | Noticed a gargoyle
 10727 | D:11     | Killed a two-headed ogre
 10727 | D:11     | Gained mutation: You have hoof-like feet. [demonic
                  | ancestry]
 10727 | D:11     | Reached XP level 11. HP: 83/93 MP: 11/11
 10782 | D:11     | Found Laosmop's Gadget Emporium.
 10951 | D:12     | Noticed a two-headed ogre
 10956 | D:12     | Killed a two-headed ogre
 10960 | D:12     | Noticed a deep elf mage
 10975 | D:12     | Noticed a cyan ugly thing
 11231 | D:12     | Killed a cyan ugly thing
 11231 | D:12     | Noticed Azrael
 11501 | D:11     | HP: 3/93 [fire elemental[Azrael] (14)]
 11501 | D:11     | Slain by a fire elemental

Illustrated notes

Levels and vault maps discovered:
D:1:      matt_arrival_los_fun, layout_loops_corners, minmay_tripent
D:2:      minmay_general_purpose_star, layout_rooms, lemuel_round_altar,
          serial_bayou_pond_e
D:3:      layout_loops_ring, nicolae_overflow_hidden_temple, lemuel_round_altar,
          first_ration, st_stairs_5, tso_altar, uniq_sigmund
D:4:      layout_loops_corners, nicolae_overflow_crystal_walls,
          minmay_temple_entry_ruins, nicolae_qazlal_eye_of_the_storm
D:5:      minmay_chambers_of_threes, layout_basic, elyvilon_altar_5, uniq_edmund
D:6:      layout_loops_ring, guppyfry_shop_venom
D:7:      layout_loops_ring, lemuel_coloured_pillars_altar
D:8:      layout_rooms, dancing_weapons_uskayaw, fedhas_altar_1,
          grunt_temple_overflow_open, lair_entry_dummy, serial_shops, shop,
          grunt_pizzeria
D:9:      hangedman_cross_stitches, layout_cave_pools, kennysheep_mini,
          kennysheep_little_box
D:10:     layout_loops_cross, david_orc_2, hellmonk_ghost_happy_afterlife,
          item_on_display_b
D:11:     layout_rooms, serial_shops, shop, serial_glass, glass_columns_c,
          glass_columns_b
D:12:     layout_long_grid, serial_shops, shop, uniq_snorg, uniq_azrael,
          uniq_nergalle

Skill      XL: |  1  2  3  4  5  6  7  8  9 10 11 |
---------------+----------------------------------+-----
Axes           | 3 4 5 6 7 8 |  8.1
Armour         | 2 3 4 5 6 7 |  7.4
Fighting       | 4 5 6 8 9 11 | 11.4
Polearms       | 1 2 3 5 6 |  6.6
Dodging        | |  1.7

Action                   |  1- 3 |  4- 6 |  7- 9 | 10-12 || total
-------------------------+-------+-------+-------+-------++-------
Melee: Hand axe          |    89 |    67 |       |       ||   156
       Kick              |       |    26 |    47 |    55 ||   128
       Scythe            |       |    30 |   251 |   160 ||   441
Throw: Dart              |       |       |     4 |     7 ||    11
Invok: Berserk           |     1 |     1 |     2 |     3 ||     7
       Trog's Hand       |       |     1 |     6 |     8 ||    15
Evoke: Wand              |       |       |       |     2 ||     2
  Use: Scroll            |     3 |     5 |    13 |     4 ||    25
       Potion            |       |       |       |     1 ||     1
 Stab: Sleeping          |     1 |       |       |       ||     1
       Distracted        |       |     1 |       |       ||     1
  Eat: Chunk             |     4 |     3 |    15 |    20 ||    42
       Ration            |       |     1 |     2 |     1 ||     4
Armor: Animal skin       |    10 |       |       |       ||    10
       Scale mail        |    24 |    48 |    74 |       ||   146
       Chain mail        |       |       |    86 |   128 ||   214
Dodge: Dodged            |    57 |    31 |   152 |    91 ||   331
